 Dungeon Crawl Stone Soup version 0.20.1-1-g8b1a95d66d (webtiles) character file.

3572 tempacc the Frost Mage (level 10, -8/51 HPs)
             Began as a Vine Stalker Ice Elementalist on Nov 22, 2017.
             Was an Initiate of Dithmenos.
             Mangled by an orc warrior
             ... wielding a +0 scimitar
              (11 damage)
             ... on level 9 of the Dungeon.
             The game lasted 00:29:34 (7831 turns).

tempacc the Frost Mage (VSIE)                       Turns: 7831, Time: 00:29:36

Health: -8/51      AC: 12    Str: 10    XL:     10   Next: 9%
Magic:  0/15       EV: 15    Int: 17    God:    Dithmenos [......]
Gold:   483        SH:  4    Dex: 17    Spells: 5/15 levels left

rFire    . . .     SeeInvis .   k - +0 dagger (elec)
rCold    . . .     Gourm    .   (no shield)
rNeg     . . .     Faith    .   a - +1 robe
rPois    .         Spirit   +   (no helmet)
rElec    .         Reflect  +   q - +0 cloak {+Inv}
rCorr    .         Harm     .   (no gloves)
MR       +....                  g - +0 pair of boots
Stlth    ++++......             E - +4 amulet of reflection
Regen    0.6/turn               G - ring of wizardry
MPRegen  0.2/turn               B - +1 ring of protection

@: icy armour (expiring), about to teleport, slowed, studying Long Blades, very
slow
A: fangs 3, regeneration 1, magic shield, antimagic bite, no potion heal 3, rot
immunity
a: Renounce Religion, Evoke Invisibility


You were on level 9 of the Dungeon.
You worshipped Dithmenos.
Dithmenos was noncommittal.
You were not hungry.

You visited 2 branches of the dungeon, and saw 10 of its levels.

You collected 483 gold pieces.

Inventory:

Hand Weapons
 k - a +0 dagger of electrocution (weapon)
 A - a +2 rapier of venom
Armour
 a - a +1 robe (worn)
 g - a +0 pair of boots (worn)
 q - a +0 cloak of invisibility (worn)
Jewellery
 u - an uncursed amulet of faith
 v - an uncursed amulet of regeneration
 B - a +1 ring of protection (right hand)
 E - a +4 amulet of reflection (around neck)
 F - an uncursed amulet of magic regeneration
 G - a ring of wizardry (left hand)
Wands
 l - a wand of paralysis (4/24)
Scrolls
 d - 3 scrolls of magic mapping
 f - 3 scrolls of teleportation
 j - 3 scrolls of enchant weapon
 t - 7 scrolls of identify
 y - 2 scrolls of remove curse
 C - 3 scrolls of fog {unknown}
 I - a scroll of holy word {unknown}
 K - a scroll of torment {unknown}
Potions
 e - 2 potions of invisibility
 h - 2 potions of lignification {unknown}
 i - 8 potions of curing {unknown}
 m - a potion of might {unknown}
 n - a potion of haste {unknown}
 p - a potion of brilliance
 x - 2 potions of flight {unknown}
 D - 2 potions of cancellation {unknown}
 H - a potion of mutation {unknown}
 J - a potion of berserk rage {unknown}
Books
 b - a book of Frost

   Spells                             Type                      Level
   a - Freeze                         Ice                          1
   b - Throw Frost                    Conjuration/Ice              2
   c - Ozocubu's Armour               Charms/Ice                   3
   d - Throw Icicle                   Conjuration/Ice              4
   e - Summon Ice Beast               Ice/Summoning                4
 z - a book of Power

   Spells                             Type                      Level
   a - Iskenderun's Battlesphere      Conjuration/Charms           5
   b - Venom Bolt                     Conjuration/Poison           5
   c - Bolt of Magma                  Conjuration/Fire/Earth       5
   d - Iron Shot                      Conjuration/Earth            6
   e - Orb of Destruction             Conjuration                  7
   f - Spellforged Servitor           Conjuration/Summoning        7
 L - a manual of Long Blades
Comestibles
 c - 5 bread rations
 o - 6 meat rations
 r - 2 royal jellies
 s - 4 fruits
 w - 7 chunks of flesh


   Skills:
 + Level 4.5 Fighting
 + Level 4.6 Dodging
 + Level 7.1 Stealth
 - Level 3.0 Spellcasting
 - Level 1.0 Conjurations
 - Level 5.5 Summonings
 - Level 9.5 Ice Magic


You had 5 spell levels left.
You knew the following spells:

 Your Spells              Type           Power        Failure   Level  Hunger
a - Freeze                Ice            ####         1%          1    None
b - Throw Frost           Conj/Ice       ###...       1%          2    ##.....
c - Ozocubu's Armour      Chrm/Ice       ###.....     3%          3    ###....
d - Summon Ice Beast      Ice/Summ       ####....     3%          4    ####...


Dungeon Overview and Level Annotations

Branches:
Dungeon (9/15)             Temple (1/1) D:7            Lair (0/6) D:8
    Orc: D:9-12

Altars:
Ashenzari
Cheibriados
Dithmenos
Elyvilon
Fedhas
Gozag
Hepliaklqana
Kikubaaqudgha
Makhleb
Nemelex Xobeh
Qazlal
Ru
Sif Muna
Trog
Uskayaw
Vehumet
Xom
Yredelemnul
Zin
The Shining One

Shops:
D:5 (

Annotations:
D:3 Grinder, Sigmund
D:7 2 runed doors
D:9 exclusion: 2 killer bees


Innate Abilities, Weirdness & Mutations

You have razor-sharp teeth.
Your natural rate of healing is unusually fast.
When hurt, damage is shared between your health and your magic reserves.
Your bite disrupts and absorbs the magic of your enemies.
Potions cannot restore your health.
You are immune to rotting.


Message History

A chill wind blows around you.
The orc warrior hits you with a scimitar!!
* * * LOW HITPOINT WARNING * * *
As you read the scroll of teleportation, it crumbles to dust.
You feel strangely unstable.
The orc wizard mumbles some strange words.
The orc wizard blinks!
The orc priest calls down the wrath of Beogh upon you.
Beogh smites you!
* * * LOW HITPOINT WARNING * * *
The orc warrior hits you but does no damage.
Your ice beast barely misses the orc warrior.
You swap places.
Your icy armour starts to melt.
The orc warrior closely misses you.
Your ice beast closely misses the orc warrior.
The orc priest hits your ice beast with a dagger.
Your ice beast hits the orc warrior.
Your ice beast freezes the orc warrior.
The orc warrior hits you with a scimitar!
You die...

#))).......
###.##.......
#...# .......
#.### .....#. #.#
....## ### #.#
....# ..#
#..#####o####..#.#
#.#
$.......Yoo....#o#
#.#
<.....##@.###.##
#.# ..........#
#.# ##.#.####)#
##.# #####
#.####.# #.#(.###


yyyy #......# #...)..( yyy ######.# #......... yy #.# #####.#### ##. #.# #.
#.#..#######.# #. You could see an orc warrior, an orc priest, an orc wizard and
a friendly ice beast.

Vanquished Creatures
  A troll (D:9)
  A wraith (D:7)
  Eustachio (D:6)
  2 hell hounds (D:8)
  An ogre (D:7)
  5 centaurs
  A crocodile (D:7)
  3 bullfrogs
  2 scorpions
  2 howler monkeys
  4 crimson imps
  2 bullfrog zombies (D:9)
  A jelly (D:7)
  An orc priest (D:7)
  A centaur zombie (D:6)
  2 hounds
  5 orc wizards
  A bullfrog skeleton (D:9)
  2 centaur skeletons
  7 worker ants
  Natasha (D:2)
  A hound zombie (D:5)
  A hound skeleton (D:7)
  A worker ant zombie (D:5)
  A howler monkey zombie (D:8)
  3 gnolls (D:7)
  5 adders
  A shadow imp (D:5)
  3 oozes (D:1)
  An adder zombie (D:5)
  4 adder skeletons
  A worm (D:4)
  A dart slug (D:3)
  3 leopard geckos
  16 orcs
  A ball python (D:4)
  6 giant cockroaches
  2 goblins (D:2)
  5 hobgoblins
  16 jackals
  5 quokkas
  3 bats
  6 frilled lizards
  3 kobolds (D:1)
  A quokka skeleton (D:4)
  2 rats
138 creatures vanquished.

Vanquished Creatures (collateral kills)
  A hydra (D:8)
  A two-headed ogre (D:8)
  A vampire mosquito (D:8)
  An acid dragon (D:7)
  An orc warrior (D:7)
  An ogre (D:6)
  A scorpion (D:6)
  A crimson imp (D:7)
  An orc wizard (D:5)
  A worker ant (D:6)
  A hound skeleton (D:6)
  An orc (D:9)
12 creatures vanquished.

Grand Total: 150 creatures vanquished

Notes
Turn   | Place    | Note
-------+----------+-------------------------------------------
     0 | D:1      | tempacc the Vine Stalker Ice Elementalist began the quest for the Orb.
     0 | D:1      | Reached XP level 1. HP: 9/9 MP: 4/4
   113 | D:1      | Reached XP level 2. HP: 4/13 MP: 1/6
   117 | D:1      | Learned a level 2 spell: Throw Frost
   664 | D:1      | Reached skill level 4 in Ice Magic
   720 | D:1      | Reached XP level 3. HP: 16/16 MP: 4/7
   853 | D:1      | Learned a level 3 spell: Ozocubu's Armour
  1219 | D:2      | Found a bloodstained altar of Trog.
  1440 | D:2      | Noticed Natasha
  1892 | D:2      | Killed Natasha
  1892 | D:2      | Gained mutation: Your natural rate of healing is unusually fast. [Vine Stalker growth]
  1892 | D:2      | Reached XP level 4. HP: 8/21 MP: 0/8
  1947 | D:2      | Reached skill level 5 in Ice Magic
  2131 | D:3      | Noticed Grinder
  2171 | D:3      | Noticed Sigmund
  2533 | D:4      | Reached XP level 5. HP: 23/24 MP: 8/10
  2551 | D:4      | Learned a level 4 spell: Summon Ice Beast
  2696 | D:4      | Reached skill level 1 in Summonings
  2927 | D:4      | Reached XP level 6. HP: 22/28 MP: 8/11
  2965 | D:4      | Found a shimmering altar of Xom.
  3052 | D:4      | Reached skill level 6 in Ice Magic
  3435 | D:5      | Entered Level 5 of the Dungeon
  3536 | D:5      | Reached XP level 7. HP: 31/32 MP: 10/12
  3880 | D:5      | Reached skill level 7 in Ice Magic
  3966 | D:5      | Found Xayqu's Antique Weapon Boutique.
  4207 | D:6      | Noticed Eustachio
  4241 | D:6      | Gained mutation: You have razor-sharp teeth. [Vine Stalker growth]
  4241 | D:6      | Reached XP level 8. HP: 30/36 MP: 8/13
  4416 | D:6      | Reached skill level 5 in Summonings
  4509 | D:6      | Found a sparkling altar of Nemelex Xobeh.
  5026 | D:7      | Found a large runed door.
  5028 | D:7      | Found a large runed door.
  5048 | D:7      | Found a large runed door.
  5048 | D:7      | Found a large runed door.
  5699 | D:7      | Reached skill level 8 in Ice Magic
  5731 | D:7      | Found a staircase to the Ecumenical Temple.
  5872 | D:7      | Noticed a wraith
  5912 | D:7      | Killed a wraith
  5912 | D:7      | Reached skill level 9 in Ice Magic
  6242 | D:8      | Found a staircase to the Lair.
  6261 | D:8      | Reached XP level 9. HP: 34/40 MP: 1/14
  6306 | D:8      | Reached skill level 1 in Fighting
  6545 | D:8      | Noticed a two-headed ogre
  6556 | D:8      | Killed a two-headed ogre
  6597 | D:8      | Found a hazy altar of Hepliaklqana.
  6824 | Temple   | Entered the Ecumenical Temple
  6969 | Temple   | Became a worshipper of Dithmenos the Shadowed
  7134 | D:6      | Killed Eustachio
  7134 | D:6      | Reached skill level 5 in Stealth
  7407 | D:8      | Noticed a five-headed hydra
  7416 | D:8      | HP: 1/44 [five-headed hydra (7)]
  7417 | D:8      | Killed a five-headed hydra
  7755 | D:9      | Reached XP level 10. HP: 50/50 MP: 2/15
  7830 | D:9      | HP: 2/51 [orc priest/divine providence (9)]
  7831 | D:9      | Mangled by an orc warrior

Skill      XL: |  1  2  3  4  5  6  7  8  9 10 |
---------------+-------------------------------+-----
Ice Magic      | 4 5 6 7 9 |  9.5
Spellcasting   | 3 |  3.0
Summonings     | 1 3 4 5 |  5.5
Fighting       | 4 |  4.5
Dodging        | 4 |  4.6
Stealth        | 6 7 |  7.1
Conjurations   | |  1.0

Action                   |  1- 3 |  4- 6 |  7- 9 | 10-12 || total
-------------------------+-------+-------+-------+-------++-------
Melee: Unarmed           |     3 |       |       |       ||     3
       Bite              |     1 |    23 |    82 |     7 ||   113
       Dagger            |     7 |   103 |   250 |    33 ||   393
 Cast: Freeze            |    41 |    12 |    44 |       ||    97
       Throw Frost       |     1 |       |     6 |       ||     7
       Ozocubu's Armour  |     2 |    10 |    20 |     1 ||    33
       Summon Ice Beast  |       |       |    22 |     2 ||    24
  Use: Scroll            |       |     8 |     4 |     1 ||    13
       Potion            |       |       |     1 |       ||     1
 Stab: Sleeping          |       |     3 |     4 |       ||     7
       Distracted        |       |       |     2 |       ||     2
  Eat: Chunk             |     2 |     9 |    20 |     1 ||    32
       Fruit             |       |       |     1 |       ||     1
Armor: Robe              |     3 |    34 |    83 |    16 ||   136
Dodge: Dodged            |    19 |    75 |   176 |    27 ||   297
Block: Other             |       |       |    22 |     8 ||    30
       Reflection        |       |       |     2 |       ||     2
